 Dungeon Crawl Stone Soup version 0.31.0-11-ge490571c62 (webtiles) character file.

Game seed: 2123132128820273637

185666 sanka the Skinwalker (level 18, -20/140 HPs)
             Began as a Merfolk Shapeshifter on Feb 3, 2024.
             Was a High Priest of Okawaru.
             Killed from afar by a hellion (25 damage)
             ... with damnation
             ... in the Vestibule of Hell.
             The game lasted 01:12:54 (29649 turns).

sanka the Skinwalker (Merfolk Shapeshifter)        Turns: 29649, Time: 01:12:55

Health: -20/140    AC: 12    Str: 14    XL:     18   Next: 45%
Magic:  25/25      EV: 57    Int: 10    God:    Okawaru [*****.]
Gold:   885        SH:  0    Dex: 27    Spells: 17/17 levels left

rFire   . .          .
                       - Unarmed
rCold   . . .        (shield currently unavailable)
rNeg    . . .        (body armour currently unavailable)
rPois   ∞            (helmet currently unavailable)
rElec   +            (cloak currently unavailable)
rCorr   .            (gloves currently unavailable)
SInv    .            (boots currently unavailable)
Will    +....        H - amulet of regeneration
Stlth   ++++         I - +6 ring of dexterity
HPRegen 1.23/turn    o - +5 ring of evasion
MPRegen 0.19/turn

%: no passive effects
@: storm-form, heroic, flying
A: cleaving, insubstantial, flying, (nimble swimmer 2), (mertail)
a: Blinkbolt, Begin Untransformation, Renounce Religion, Heroism, Finesse, Duel


You were in the Vestibule of Hell.
You worshipped Okawaru.
Okawaru was extremely pleased with you.
You were a lightning-filled tempest!
You visited 4 branches of the dungeon, and saw 21 of its levels.
You visited the Abyss 2 times.
You also visited: Gauntlet.

You collected 1643 gold pieces.
You spent 758 gold pieces at shops.


Innate Abilities, Weirdness & Mutations

You are a lightning-filled tempest!
Your electrical attacks strike out in all directions at once.
You are incredibly evasive.
Your insubstantial body is immune to petrification, constriction, and being set on fire You are flying.
Your armour is entirely melded.
You are incapable of wielding weapons or throwing items.
You are immune to poison.
((You are very nimble when in or above water. (Stealth+, EV+, Speed+++)))
((Your lower body shifts to a powerful aquatic tail in water.))


   Skills:
 - Level 12.0(17.0) Fighting
 - Level 15.0(20.0) Dodging
 + Level 21.5(26.5) Unarmed Combat
 - Level 10.0 Invocations
 - Level 23.0 Shapeshifting


You had 17 spell levels left.
You didn't know any spells.
Your spell library contained the following spells:

 Spells                   Type           Power      Damage    Failure   Level
 Foxfire                  Conj/Fire      0%         2x1d4     36%         1
 Kiss of Death            Conj/Necr      0%         2d5       36%         1
 Sandblast                Erth           0%         2d4       36%         1
 Shock                    Conj/Air       0%         1d3       36%         1
 Slow                     Hex            0%         N/A       36%         1
 Sting                    Conj/Alch      0%         1d3       36%         1
 Mercury Vapours          Alch/Air       0%         N/A       50%         2
 Confusing Touch          Hex            0%         N/A       75%         3
 Frozen Ramparts          Ice            0%         1d1       75%         3
 Gell's Gravitas          Tloc           0%         N/A       75%         3
 Inner Flame              Hex/Fire       0%         N/A       75%         3
 Ozocubu's Armour         Ice            0%         N/A       75%         3
 Passwall                 Erth           0%         N/A       75%         3
 Sigil of Binding         Hex            0%         N/A       75%         3
 Stone Arrow              Conj/Erth      0%         3d7       75%         3
 Swiftness                Air            0%         N/A       75%         3
 Teleport Other           Tloc           0%         N/A       75%         3
 Vampiric Draining        Necr           0%         2d6       75%         3
 Airstrike                Air            0%         2d(0-16)  98%         4
 Brom's Barrelling Bould  Conj/Erth      0%         2d3       98%         4
 Dispel Undead            Necr           0%         3d6       98%         4
 Leda's Liquefaction      Alch/Erth      0%         N/A       98%         4
 Olgreb's Toxic Radiance  Alch           0%         N/A       98%         4
 Petrify                  Alch/Erth      0%         N/A       98%         4
 Irradiate                Conj/Alch      0%         3d11      100%        5
 Metabolic Englaciation   Hex/Ice        0%         N/A       100%        5
 Conjure Ball Lightning   Conj/Air       0%         3x3d6     100%        6
 Dispersal                Tloc           0%         N/A       100%        6
 Plasma Beam              Fire/Air       0%         2x1d10    100%        6
 Starburst                Conj/Fire      0%         6d3       100%        6
 Discord                  Hex            0%         N/A       100%        8
 Disjunction              Tloc           0%         N/A       100%        8
 Ignition                 Fire           0%         3d3       100%        8
 Sublimation of Blood     Necr           Unusable   N/A       N/A         2
 Sculpt Simulacrum        Ice/Alch       Unusable   N/A       N/A         6

Inventory:

Missiles
 b - a throwing net {=f}
 l - 3 curare-tipped darts {=f}
Armour
 d - a +2 cloak
Jewellery
 c - a ring of protection from cold
 o - a +5 ring of evasion (right fist)
 q - a ring of resist corrosion
 y - a ring of protection from cold
 H - an amulet of regeneration (around neck)
 I - a +6 ring of dexterity (left fist)
 J - a +6 ring of dexterity
Talismans
 i - a serpent talisman
 K - a storm talisman (active)
Wands
 a - a wand of polymorph (8)
 s - a wand of flame (42)
 A - a wand of mindburst (19)
 F - a wand of digging (2)
 L - a wand of iceblast (7)
Scrolls
 e - 4 scrolls of poison {!r}
 h - 7 scrolls of teleportation {@r4}
 j - 2 scrolls of noise {!r}
 m - 3 scrolls of vulnerability {!r}
 t - 3 scrolls of revelation
 v - 4 scrolls of fog
 w - a scroll of blinking
 B - 2 scrolls of fear
 G - 2 scrolls of enchant armour
Potions
 f - 2 potions of berserk rage {unknown}
 g - a potion of invisibility {unknown}
 k - 10 potions of curing {@q1}
 n - a potion of mutation {unknown}
 p - 2 potions of heal wounds {@q2}
 r - 2 potions of haste {@q3}
 u - 7 potions of enlightenment
 x - 3 potions of attraction {!q}
 z - 4 potions of might
 C - a potion of cancellation {unknown}
 D - 7 potions of ambrosia
 E - a potion of lignification {!q}

Dungeon Overview and Level Annotations

Branches:
Dungeon (15/15)            Temple (1/1) D:6            Lair (0/5) D:10
    Orc (0/2) D:9          Vaults (0/5) D:13         Depths (4/4) D:15
   Hell (1/1)                 Dis (0/7) Hell            Zot (0/5) Depths:4
Gauntlet (visited)
    Geh: Hell:1         Coc: Hell:1         Tar: Hell:1

Altars:
Ashenzari
Cheibriados
Dithmenos
Elyvilon
Fedhas
Gozag
Hepliaklqana
Kikubaaqudgha
Makhleb
Nemelex Xobeh
Okawaru
Qazlal
Ru
Sif Muna
Trog
Uskayaw
Vehumet
Wu Jian
Xom
Yredelemnul
Zin
The Shining One
Lugonu

Shops:
Depths:4 [*(*

Portals:
Hell: Depths:1 Depths:2 Depths:3 Depths:4
Abyss: Depths:1 Depths:2 Depths:3
Pandemonium: Depths:1 Depths:2 Depths:4
Ziggurat: Depths:2

Annotations:
D:10 exclusion: downstairs
D:13 exclusion: downstairs
Depths:2 exclusions: ettin and fire giant, Vv

▒▒.▒...▒.▒...▒.▒▒
▒▒▒.........▒▒▒
▒▒▒h....▒▒▒
▒.▒.▒.▒.▒
▒▒.....▒▒ ▒▒...▒▒
▒▒...▒▒ ▒▒.....▒▒
▒▒..v....▒
▒.#▒2..▒#.▒
▒.##.....##.▒
▒.##.......##.
▒.##.........##
▒.#▒...▒###▒...▒
▒.##...##DT4##...
▒.##...##29∩..##..
.##^..##.......


You could see an iron golem, an iron dragon, an iron troll, a hell hog
(wandering), a rust devil and 2 hellions.


Message History

The sphere of damnation explodes!
The damnation engulfs you!!
You hear an angry squeal.
The hellion gestures at you.
The sphere of damnation explodes!
The damnation engulfs you!!
The hellion gestures at something.
The sphere of damnation explodes!
The damnation engulfs you!
* * * LOW HITPOINT WARNING * * *
The hellion gestures at you.
The sphere of damnation explodes!
The damnation engulfs you!!
* * * LOW HITPOINT WARNING * * *
The hellion completely misses you. The hellion misses you.
The hellion completely misses you.
You hit the hellion but do no damage.
A hell hog comes into view.
You completely miss the hellion. The hellion gestures at you.
The sphere of damnation explodes!
The damnation engulfs you!!
* * * LOW HITPOINT WARNING * * *
The damnation engulfs the hellion.
The hellion completely resists.
The hellion gestures at you.
The sphere of damnation explodes!
The damnation engulfs you!!
You die...

Action                     |  1- 3 |  4- 6 |  7- 9 | 10-12 | 13-15 | 16-18 || total
---------------------------+-------+-------+-------+-------+-------+-------++-------
  Melee: Unarmed           |   121 |    84 |   282 |   550 |   671 |   603 ||  2311
         Punch             |     1 |     3 |       |       |       |    75 ||    79
         Constrict         |       |       |       |    90 |    93 |    16 ||   199
 Invoke: Heroism           |       |       |     3 |     9 |    44 |    24 ||    80
         Finesse           |       |       |       |     1 |     6 |     2 ||     9
  Evoke: Wand              |       |       |     2 |     1 |       |     1 ||     4
    Use: Potion            |     1 |     1 |     2 |     1 |     2 |       ||     7
         Scroll            |       |       |     6 |     8 |     8 |     2 ||    24
   Stab: Sleeping          |     1 |     1 |       |       |     5 |     1 ||     8
         Distracted        |       |       |       |       |     3 |     4 ||     7
 Armour: Animal skin       |    53 |    26 |       |       |       |       ||    79
         Skin              |     2 |    17 |   118 |   253 |   280 |   118 ||   788
  Dodge: Dodged            |    76 |    46 |   206 |   424 |   612 |   556 ||  1920
   Form: Flux              |       |     1 |       |       |       |       ||     1
         Serpent           |       |       |       |     4 |       |     1 ||     5
         Beast             |       |       |       |     2 |       |       ||     2
                           |       |       |       |     1 |       |       ||     1
         Storm             |       |       |       |       |       |     2 ||     2

Levels and vault maps discovered:
D:1:      dpeg_arrival_tiny_h, layout_basic, minmay_misc_feat_more_columns,
          minmay_misc_feat_four_crosses
D:2:      layout_loops_ring, basic_altar, minmay_pentomino_v2
D:3:      layout_basic, mainiacjoe_overflow_large_starburst, uniq_grinder,
          uniq_jessica
D:4:      layout_basic, uniq_edmund, uniq_blork_the_orc, uniq_sigmund
D:5:      layout_gridville, nicolae_overflow_hidden_temple
D:6:      layout_rooms, minmay_temple_entry_nine_rooms
D:7:      layout_basic, mainiacjoe_overflow_big_doors, uniq_maggie
D:8:      layout_loops_ring, trog_wizard, grunt_ministairs_5,
          grunt_decor_one_mirror
D:9:      layout_roguey [special_room_bee],
          kennysheep_orc_monster_closet_entryway, nicolae_straight_to_the_point
D:10:     layout_cave_pools, dpeg_oklobed_lair, st_stairs_11
D:11:     layout_rooms
D:12:     layout_loops_ring, serial_ice, serial_ice_l, serial_ice_f,
          serial_ice_m, serial_ice_o, serial_ice_n, serial_ice_g, serial_ice_c,
          serial_ice_h, minmay_misc_feat_square, minivault_16, uniq_azrael,
          uniq_fannar
D:13:     layout_loops_ring, hellmonk_vaults_keyhole, gauntlet_entry_generic
D:14:     layout_cave_pools, serial_ice, serial_ice_i, serial_ice_m,
          serial_ice_e, serial_ice_d
D:15:     grunt_enter_depths_snipers, layout_long_grid
Temple:   oiseaux_autumnal_temple
Depths:1: layout_cave_shapes, hell_entry, nicolae_ru_awakened_eye,
          rand_demon_pan_entry_5, kennysheep_another_room,
          minmay_misc_feat_nine_boxes, chequers_serial_rivers_micro_b,
          drop_trap, amcnicky_altar_lugonu_corruption, grunt_megastairs_3,
          infiniplex_staircase_pool_lava, uniq_asterion
Depths:2: grunt_twist_and_shout, layout_basic, enter_ziggurat_f, hellmouth_1,
          rand_demon_pan_entry_1, abyss_entry_small_statue_room, uniq_vv
Depths:3: nicolae_cairo_tiling_large_dashed, layout_gridville, hell_entry,
          abyss_entry_flame_altar, minmay_misc_feat_ornament,
          minmay_staircase_statues
Depths:4: evilmike_zot_entry_diamond, layout_small_grid,
          pf_vacation_house_of_asmodeus, grunt_pan_entry_sceptre,
          nicolae_qazlal_general_emergency, grunt_megastairs_1, minmay_shoptagon
Hell

Notes
Turn   | Place    | Note
-------+----------+-------------------------------------------
     0 | D:1      | sanka the Merfolk Shapeshifter began the quest for the Orb.
     0 | D:1      | Reached XP level 1. HP: 15/15 MP: 1/1
    60 | D:1      | Reached XP level 2. HP: 13/21 MP: 2/2
   256 | D:1      | Reached skill level 5 in Shapeshifting
   564 | D:1      | Reached XP level 3. HP: 26/26 MP: 3/3
   814 | D:2      | Found an ancient bone altar of Kikubaaqudgha.
  1384 | D:2      | Reached skill level 6 in Shapeshifting
  1384 | D:2      | Reached XP level 4. HP: 6/32 MP: 4/4
  1386 | D:2      | HP: 4/48 [poisoned by an adder]
  2344 | D:2      | Found an ancient bone altar of Kikubaaqudgha.
  2716 | D:3      | Noticed Grinder
  2852 | D:3      | Noticed Jessica
  2915 | D:3      | Paralysed by Grinder for 2 turns
  2927 | D:3      | Killed Grinder
  2928 | D:3      | Reached skill level 7 in Shapeshifting
  2928 | D:3      | Reached skill level 2 in Fighting
  2928 | D:3      | Reached skill level 5 in Unarmed Combat
  2928 | D:3      | Reached XP level 5. HP: 12/38 MP: 5/5
  2928 | D:3      | Reached XP level 6. HP: 14/44 MP: 6/6
  3192 | D:3      | Found a basalt altar of Yredelemnul.
  3192 | D:3      | Found a radiant altar of Vehumet.
  3432 | D:3      | Killed Jessica
  3890 | D:4      | Reached skill level 6 in Unarmed Combat
  4031 | D:4      | Noticed Sigmund
  4039 | D:4      | Killed Sigmund
  4040 | D:4      | Reached skill level 7 in Unarmed Combat
  4040 | D:4      | Reached XP level 7. HP: 38/50 MP: 7/7
  4227 | D:4      | Noticed Blork the orc
  4237 | D:4      | Killed Blork the orc
  4467 | D:4      | Noticed Edmund
  4627 | D:4      | Identified the +5 mace of Cheibriados's Reproof {antimagic,
                  | rElec Will+}
  5067 | D:5      | Entered Level 5 of the Dungeon
  5175 | D:5      | Reached skill level 8 in Unarmed Combat
  5185 | D:4      | HP: 4/50 [ufetubus (4)]
  5540 | D:5      | Reached XP level 8. HP: 55/56 MP: 8/8
  5698 | D:5      | Reached skill level 9 in Unarmed Combat
  6039 | D:5      | Reached skill level 10 in Unarmed Combat
  6233 | D:5      | Found a burning altar of Makhleb.
  6235 | D:5      | Found a hazy altar of Hepliaklqana.
  6259 | D:5      | Found a sparkling altar of Nemelex Xobeh.
  6263 | D:5      | Reached skill level 3 in Dodging
  6662 | D:6      | Found a staircase to the Ecumenical Temple.
  6670 | D:6      | Reached skill level 3 in Fighting
  6673 | Temple   | Entered the Ecumenical Temple
  6701 | Temple   | Became a worshipper of Warmaster Okawaru
  6788 | D:6      | Reached skill level 4 in Dodging
  6901 | D:6      | Reached skill level 4 in Fighting
  6901 | D:6      | Reached skill level 5 in Dodging
  7044 | D:6      | Reached XP level 9. HP: 49/65 MP: 9/9
  7263 | D:7      | Noticed a two-headed ogre
  7355 | D:7      | Reached skill level 6 in Dodging
  7465 | D:7      | Reached skill level 5 in Fighting
  7468 | D:7      | Found a broken altar of Ashenzari.
  7650 | D:7      | Noticed a troll
  7738 | D:5      | Found an ancient bone altar of Kikubaaqudgha.
  7837 | D:7      | Reached skill level 7 in Dodging
  8065 | D:7      | Found a shimmering altar of Xom.
  8342 | D:8      | Reached * piety under Okawaru
  8343 | D:8      | Reached skill level 6 in Fighting
  8591 | D:8      | Reached skill level 1 in Invocations
  8788 | D:8      | Reached skill level 2 in Invocations
  8961 | D:8      | Identified the +1 short sword "Oqetel" {flame, rC+}
  9143 | D:8      | Found a bloodstained altar of Trog.
  9144 | D:8      | Noticed a wizard
  9149 | D:8      | Killed a wizard
  9293 | D:8      | Reached skill level 8 in Dodging
  9413 | D:7      | Killed a two-headed ogre
  9414 | D:7      | Reached skill level 7 in Fighting
  9414 | D:7      | Reached skill level 4 in Invocations
  9414 | D:7      | Reached XP level 10. HP: 22/80 MP: 8/13
  9702 | D:7      | Reached skill level 8 in Fighting
  9781 | D:7      | Identified +1 steam dragon scales
  9781 | D:7      | Noticed Maggie
  9799 | D:7      | Killed Maggie
  9800 | D:7      | Reached skill level 5 in Invocations
 10081 | D:7      | Reached skill level 8 in Shapeshifting
 10224 | D:7      | Found a shimmering altar of Xom.
 10227 | D:7      | Found a broken altar of Ashenzari.
 10702 | D:9      | Reached ** piety under Okawaru
 11338 | D:9      | Reached skill level 9 in Shapeshifting
 11435 | D:9      | Found a staircase to the Orcish Mines.
 11792 | D:9      | Reached skill level 10 in Shapeshifting
 12291 | D:9      | Reached *** piety under Okawaru
 12295 | D:9      | Reached skill level 9 in Dodging
 12295 | D:9      | Reached XP level 11. HP: 85/87 MP: 14/14
 12325 | D:9      | Reached skill level 9 in Fighting
 12669 | D:10     | Entered Level 10 of the Dungeon
 12671 | D:10     | Identified the +7 chain mail of Integrity {Dex+8}
 13047 | D:10     | Noticed an oklob plant
 13048 | D:10     | Found a staircase to the Lair.
 13086 | D:10     | Reached skill level 11 in Unarmed Combat
 13343 | D:10     | Noticed a two-headed ogre
 13346 | D:10     | Reached skill level 10 in Dodging
 13356 | D:10     | Killed a two-headed ogre
 13356 | D:10     | Reached **** piety under Okawaru
 13520 | D:10     | Noticed a two-headed ogre
 13529 | D:10     | Killed a two-headed ogre
 13851 | D:10     | Killed an oklob plant
 13852 | D:10     | Reached skill level 10 in Fighting
 13933 | D:11     | Noticed a cyclops
 13952 | D:11     | Killed a cyclops
 14071 | D:11     | Noticed a cyclops
 14084 | D:11     | Reached skill level 11 in Dodging
 14091 | D:11     | Killed a cyclops
 14828 | D:12     | Noticed Azrael
 14841 | D:11     | Reached skill level 12 in Unarmed Combat
 15003 | D:11     | Killed Azrael
 15004 | D:11     | Reached XP level 12. HP: 54/99 MP: 12/15
 15445 | D:12     | Identified the +8 quarterstaff of Blue Tenacity {venom, rN+
                  | rCorr Str+3}
 15523 | D:12     | Reached ***** piety under Okawaru
 15654 | D:12     | Noticed a two-headed ogre
 15668 | D:12     | Killed a two-headed ogre
 15668 | D:12     | Received a gift from Okawaru
 15669 | D:12     | Reached skill level 11 in Fighting
 15669 | D:12     | Reached skill level 6 in Invocations
 15753 | D:12     | Noticed a two-headed ogre
 15758 | D:12     | Reached skill level 12 in Dodging
 15770 | D:12     | Killed a two-headed ogre
 15823 | D:12     | Noticed Fannar
 15834 | D:12     | Killed Fannar
 16512 | D:13     | Found a gate leading to a gauntlet.
 16650 | Gauntlet | Entered a Gauntlet
 16650 | Gauntlet | Found a transporter.
 16650 | Gauntlet | Found a transporter.
 16712 | Gauntlet | Found a transporter.
 16716 | Gauntlet | Found a transporter.
 16726 | Gauntlet | Found a transporter.
 16728 | Gauntlet | Found a transporter.
 16733 | Gauntlet | Noticed a ghost crab
 16738 | Gauntlet | Found a transporter.
 16755 | Gauntlet | Found a transporter.
 16772 | Gauntlet | Found a transporter.
 16776 | Gauntlet | Found a transporter.
 16784 | Gauntlet | Found a transporter.
 16789 | Gauntlet | Found a transporter.
 16847 | Gauntlet | Noticed a deep elf knight
 16851 | Gauntlet | Received a gift from Okawaru
 16857 | Gauntlet | Identified the +1 cloak of Cheibriados {rPois Int+5}
 16949 | Gauntlet | Killed a ghost crab
 16950 | Gauntlet | Reached skill level 7 in Invocations
 16970 | Gauntlet | Noticed a minotaur
 16982 | Gauntlet | Killed a minotaur
 17182 | D:13     | Noticed a centaur warrior
 17186 | D:13     | Killed a centaur warrior
 17187 | D:13     | Reached skill level 13 in Unarmed Combat
 17221 | D:13     | Reached skill level 13 in Dodging
 17341 | D:13     | Noticed a two-headed ogre
 17348 | D:13     | Killed a two-headed ogre
 17473 | D:13     | Reached skill level 12 in Fighting
 17473 | D:13     | Reached XP level 13. HP: 108/108 MP: 18/18
 17517 | D:13     | Reached skill level 8 in Invocations
 17996 | D:13     | Noticed a vault guard
 18003 | D:13     | Killed a vault guard
 18021 | D:13     | Reached skill level 14 in Dodging
 18026 | D:13     | Noticed a vault guard
 18047 | D:13     | Killed a vault guard
 18200 | D:13     | Found a gate to the Vaults.
 18296 | D:12     | Reached skill level 9 in Invocations
 18523 | D:4      | Killed Edmund
 19704 | D:14     | Received a gift from Okawaru
 19705 | D:14     | Reached skill level 14 in Unarmed Combat
 20338 | D:14     | Reached skill level 15 in Dodging
 20559 | D:15     | Entered Level 15 of the Dungeon
 20564 | D:15     | Reached skill level 10 in Invocations
 20676 | D:15     | Reached skill level 15 in Unarmed Combat
 20741 | D:15     | Reached XP level 14. HP: 112/112 MP: 18/21
 20790 | D:15     | Received a gift from Okawaru
 20847 | D:15     | Reached skill level 11 in Shapeshifting
 21139 | D:15     | Reached skill level 12 in Shapeshifting
 21258 | D:15     | Found a staircase to the Depths.
 21258 | D:15     | Noticed a frost giant
 21267 | D:15     | Killed a frost giant
 21499 | Depths:1 | Entered Level 1 of the Depths
 21499 | Depths:1 | Identified the +1 kite shield "Ywnor" {rPois Str+3 Int+4}
 21499 | Depths:1 | Noticed Asterion
 21499 | Depths:1 | Found a gateway to Hell.
 21511 | Depths:1 | Killed Asterion
 21557 | Depths:1 | Noticed a vampire knight
 21581 | D:15     | Killed a vampire knight
 21582 | D:15     | Reached skill level 13 in Shapeshifting
 21639 | Depths:1 | Noticed a juggernaut
 21647 | Depths:1 | Noticed a frost giant
 21664 | Depths:1 | Killed a juggernaut
 21676 | Depths:1 | Killed a frost giant
 21677 | Depths:1 | Reached skill level 14 in Shapeshifting
 21885 | Depths:1 | Noticed a stone giant
 21904 | Depths:1 | HP: 1/138 [stone giant/large rock (47)]
 22051 | Depths:1 | Killed a stone giant
 22147 | Depths:1 | Found a one-way gate to the infinite horrors of the Abyss.
 22147 | Depths:1 | Found a corrupted altar of Lugonu.
 22148 | Depths:1 | Noticed a frost giant
 22165 | Depths:1 | Killed a frost giant
 22165 | Depths:1 | Received a gift from Okawaru
 22290 | Depths:1 | Found a sacrificial altar of Ru.
 22292 | Depths:1 | Noticed a stone giant
 22299 | Depths:1 | Killed a stone giant
 22370 | Depths:1 | Reached skill level 15 in Shapeshifting
 22398 | Depths:1 | Noticed a stone giant
 22412 | Depths:1 | Killed a stone giant
 22413 | Depths:1 | Noticed a stone giant
 22424 | Depths:1 | Noticed a frost giant
 22426 | Depths:1 | Noticed a tengu reaver
 22427 | Depths:1 | Killed a stone giant
 22537 | D:15     | Killed a frost giant
 22622 | Depths:1 | Killed a tengu reaver
 22659 | Abyss:3  | Found a corrupted altar of Lugonu.
 22659 | Abyss:3  | Cast into level 3 of the Abyss (an occultist)
 22698 | Depths:1 | Escaped the Abyss
 22703 | Depths:1 | Reached skill level 16 in Shapeshifting
 22740 | Depths:1 | Noticed a fire giant
 22740 | Depths:1 | Noticed a lich
 22740 | Depths:1 | Noticed a cyan very ugly thing
 22740 | Depths:1 | Noticed a cyan very ugly thing
 22740 | Depths:1 | Noticed a sphinx
 22779 | D:15     | Killed a cyan very ugly thing
 22780 | D:15     | Reached XP level 15. HP: 120/120 MP: 22/22
 22815 | D:15     | Killed a fire giant
 22872 | Depths:1 | Killed a lich
 22889 | Depths:1 | Paralysed by a sphinx for 3 turns
 22906 | D:15     | Killed a sphinx
 22907 | D:15     | Reached skill level 17 in Shapeshifting
 23048 | Abyss:3  | Cast into level 3 of the Abyss (an occultist)
 23134 | Abyss:3  | Noticed a tentacled starspawn
 23147 | Abyss:3  | Killed a tentacled starspawn
 23176 | Abyss:3  | Noticed a bone dragon
 23203 | Abyss:3  | Killed a bone dragon
 23204 | Abyss:3  | Reached skill level 18 in Shapeshifting
 23264 | Abyss:3  | Found a huge runed translucent gate.
 23264 | Abyss:3  | Found a huge runed translucent gate.
 23264 | Abyss:3  | Found a huge runed translucent gate.
 23286 | Abyss:3  | Found a huge runed translucent gate.
 23293 | Depths:1 | Escaped the Abyss
 23406 | Depths:1 | Identified +0 fire dragon scales
 23503 | Depths:1 | Noticed a fire giant
 23515 | Depths:1 | Killed a fire giant
 23704 | D:15     | Reached skill level 19 in Shapeshifting
 24287 | Depths:1 | Found a one-way gate leading to the halls of Pandemonium.
 24429 | Depths:1 | Found a one-way gate leading to the halls of Pandemonium.
 24612 | Depths:1 | Found a corrupted altar of Lugonu.
 24613 | Depths:1 | Found a one-way gate to the infinite horrors of the Abyss.
 24664 | Depths:1 | Found a gateway to Hell.
 24680 | Depths:1 | Found a sacrificial altar of Ru.
 24949 | Depths:2 | Found a one-way gateway to a ziggurat.
 24958 | Depths:2 | Reached skill level 20 in Shapeshifting
 25074 | Depths:2 | Identified +0 fire dragon scales
 25214 | Depths:2 | Reached XP level 16. HP: 127/127 MP: 23/23
 25442 | Depths:2 | Found the +4 Cigotuvi's embrace {Corpsefed rMiasma ^Drain
                  | rN+}
 25443 | Depths:2 | Noticed a titan
 25493 | Depths:2 | Reached skill level 21 in Shapeshifting
 25581 | Depths:2 | Killed a titan
 25626 | Depths:2 | Identified the +6 scale mail of Pugh {Rampage rF+ SInv}
 25897 | Depths:2 | Noticed Vv
 26352 | Depths:2 | Reached skill level 22 in Shapeshifting
 26795 | Depths:3 | Received a gift from Okawaru
 26870 | Depths:3 | Noticed a golden dragon
 26883 | Depths:3 | Killed a golden dragon
 26920 | Depths:3 | Found a corrupted altar of Lugonu.
 26939 | Depths:3 | Noticed a walking frostbound tome
 26946 | Depths:3 | Killed a walking frostbound tome
 27011 | Depths:3 | Identified +0 fire dragon scales
 27011 | Depths:3 | Noticed a sphinx
 27012 | Depths:3 | Reached skill level 23 in Shapeshifting
 27020 | Depths:3 | Killed a sphinx
 27066 | Depths:3 | Identified +0 fire dragon scales
 27183 | Depths:3 | Received a gift from Okawaru
 27255 | Depths:3 | Reached skill level 16 in Unarmed Combat
 27280 | Depths:3 | Identified +0 fire dragon scales
 27281 | Depths:3 | Identified +0 fire dragon scales
 27282 | Depths:3 | Reached XP level 17. HP: 72/133 MP: 21/24
 27498 | Depths:3 | Identified +0 fire dragon scales
 27774 | Depths:4 | Entered Level 4 of the Depths
 27791 | Depths:4 | Reached skill level 17 in Unarmed Combat
 27861 | Depths:4 | Noticed a tentacled monstrosity
 27867 | Depths:4 | Killed a tentacled monstrosity
 27993 | Depths:4 | Identified +0 shadow dragon scales
 28019 | Depths:4 | Identified +0 storm dragon scales
 28069 | Depths:4 | Identified +0 ice dragon scales
 28179 | Depths:4 | Received a gift from Okawaru
 28198 | Depths:4 | Identified +0 fire dragon scales
 28223 | Depths:4 | Reached skill level 18 in Unarmed Combat
 28231 | Depths:4 | Noticed a quicksilver dragon
 28235 | Depths:4 | Killed a quicksilver dragon
 28362 | Depths:4 | Found Maotipt's Antique Weapon Shop.
 28364 | Depths:4 | Found Inapior's Assorted Antiques.
 28364 | Depths:4 | Found Kifummer's Antique Armour Boutique.
 28403 | Depths:4 | Found Savetwia's Assorted Antiques.
 28475 | Depths:4 | Received a gift from Okawaru
 28476 | Depths:4 | Reached skill level 19 in Unarmed Combat
 28509 | Depths:4 | Found a gate to the Realm of Zot.
 28942 | Depths:4 | Found a stormy altar of Qazlal.
 29145 | Depths:4 | Bought a notched peridot ring for 185 gold pieces
 29145 | Depths:4 | Bought 2 potions of might for 296 gold pieces
 29145 | Depths:4 | Bought a scroll of revelation for 277 gold pieces
 29172 | Hell     | Entered the Vestibule of Hell
 29172 | Hell     | Noticed Geryon
 29182 | Depths:4 | Received a gift from Okawaru
 29255 | Depths:4 | Reached skill level 20 in Unarmed Combat
 29255 | Depths:4 | Reached XP level 18. HP: 104/140 MP: 23/25
 29389 | Hell     | Killed Geryon
 29406 | Hell     | Received a gift from Okawaru
 29427 | Hell     | Reached skill level 21 in Unarmed Combat
 29629 | Hell     | Found a gateway to the Iron City of Dis.
 29649 | Hell     | HP: 5/140 [hellion/damnation (35)]
 29649 | Hell     | Killed from afar by a hellion

Vanquished Creatures
  A juggernaut (Depths:1)
  Geryon (Hell)
  A golden dragon (Depths:3)
  A bone dragon (Abyss:3)
  A lich (Depths:1)
  A tentacled monstrosity (Depths:4)
  A quicksilver dragon (Depths:4)
  2 sphinxes
  A titan (Depths:2)
  Asterion (Depths:1)
  A tentacled starspawn (Abyss:3)
  A walking frostbound tome (Depths:3)
  A storm dragon (Depths:4)
  3 shadow dragons (Depths:4)
  A draconian knight (Depths:4)
  9 frost giants
  A tengu reaver (Depths:1)
  4 fire giants
  2 balrugs
  A draconian scorcher (Depths:4)
  6 reapers
  14 stone giants
  33 very ugly things
  2 vampire knights
  A lorocyproca (Depths:2)
  3 white draconians (Depths:4)
  3 spark wasps (Depths:3)
  Azrael (D:11)
  A minotaur (Gauntlet)
  9 ettins
  An iron golem (Hell)
  10 fire dragons
  2 rakshasas (Depths:3)
  A great orb of eyes (D:15)
  A spriggan zombie (Hell)
  2 vault guards (D:13)
  Fannar (D:12)
  4 ice dragons
  3 spriggan air magi
  An ironbound frostheart (D:13)
  2 starcursed masses (Abyss:3)
  4 centaur warriors
  2 hell beasts (Hell)
  2 hydras (D:14)
  A spriggan skeleton (Hell)
  A ghost crab (Gauntlet)
  6 two-headed ogres
  3 boulder beetles
  6 tengu warriors
  3 thrashing horrors (Abyss:3)
  2 deep troll earth magi (Depths:3)
  3 spriggan berserkers
  2 occultists (Depths:1)
  7 soul eaters
  8 sun demons
  14 hell knights
  A wretched star (Abyss:3)
  3 sixfirhies
  A titan skeleton (Depths:2)
  A glowing orange brain (Depths:1)
  2 iron trolls (Depths:3)
  A deep troll (Depths:3)
  A mana viper (shapeshifter) (D:13)
  An arcanist (Gauntlet)
  A shadow demon (Depths:4)
  A shadow dragon zombie (Depths:2)
  An anaconda skeleton (Abyss:3)
  2 phantasmal warriors (Depths:2)
  3 deep elf pyromancers (D:13)
  3 large abominations (Abyss:3)
  5 necromancers
  An orc knight (D:15)
  23 ugly things
  A harpy (shapeshifter) (D:14)
  An oklob plant (D:10)
  A stone giant zombie (Hell)
  A manticore (D:13)
  5 cyclopes
  A worldbinder (Gauntlet)
  5 smoke demons
  A molten gargoyle (Hell)
  A gargoyle (D:13)
  A centaur skeleton (Hell)
  2 hellions
  A freezing wraith (D:14)
  2 unseen horrors (D:12)
  4 tengu conjurers
  Maggie (D:7)
  An ancient zyme (Abyss:3)
  A hydra zombie (Hell)
  A queen bee (D:9)
  6 trolls
  A polar bear (D:11)
  A hornet (D:9)
  Grinder (D:3)
  A wolf spider simulacrum (D:14)
  A shadow dragon simulacrum (Depths:2)
  A glass eye (shapeshifter) (Depths:3)
  5 slime creatures (D:14)
  A vampire (D:11)
  6 centaur simulacra (D:12)
  Sigmund (D:4)
  A ynoxinul (Depths:2)
  2 fire bats (Depths:2)
  2 wraiths
  3 wyverns
  3 fire elementals
  A water elemental (D:12)
  7 yaks
  3 humans (D:13)
  2 vampire mosquitoes (D:15)
  2 steam dragons
  Edmund (D:4)
  3 acid dragons (D:10)
  3 small abominations
  2 hell hounds
  3 water moccasins
  7 orc warriors
  A meliai simulacrum (D:14)
  10 ice beasts
  6 laughing skulls
  2 ogres (D:9)
  5 boggarts
  2 wolves
  16 centaurs
  2 phantoms (D:5)
  2 kobold brigands
  Blork the orc (D:4)
  4 bullfrogs
  2 gnoll sergeants (D:9)
  3 scorpions
  3 wights (D:8)
  29 killer bees (D:9)
  6 howler monkeys
  4 jellies
  6 orc priests
  2 bombardier beetles (D:5)
  4 hounds
  Jessica (D:3)
  6 iguanas
  A sleepcap (D:6)
  6 orc wizards
  15 gnolls
  3 adders
  2 shadow imps
  6 white imps
  5 ufetubi
  4 dart slugs
  4 ribbon worms
  36 orcs
  5 bats
  4 endoplasms
  2 goblins (D:1)
  5 hobgoblins
  8 jackals
  4 quokkas
  9 ball pythons
  3 frilled lizards
  12 kobolds
  4 rats
607 creatures vanquished.

Vanquished Creatures (others)
  An arcanist (D:8)
  A white imp (D:11)
  A lurking horror (Depths:1)
  4 starspawn tentacles (Abyss:3)
7 creatures vanquished.

Grand Total: 614 creatures vanquished
